Map: Ulrena

Players

Insomniac - Winner!

  • Race: Zerg Zerg
  • League: Silver

Grumm

  • Race: Protoss Protoss
  • League: Gold

VOD

Have the link to the VOD?

Description

Time

  • Played on: Jan. 7, 2016, 6:42 p.m.
  • Length: 12:57
Show
View Real Time Build Order
Export as new Build Order

Insomniac Zerg - Winner!

Build Orders: Hatch First 

Get SALT Encoding   

  12  0:01  Drone  
  13  0:12  Overlord  
  13  0:17  Drone  
  14  0:30  Drone  
  14  0:31  Drone  
  16  0:37  Drone  
  17  0:56  Hatchery  
  16  0:58  Drone  
  16  1:01  Extractor  
  16  1:03  Drone  
  17  1:18  Spawning Pool  
  16  1:22  Drone  
  17  1:28  Drone  
  17  1:29  Drone  
  19  1:39  Overlord  
  19  1:49  Drone  
  20  2:00  Drone  
  21  2:04  Queen  
  23  2:10  Zergling x2  
  23  2:13  Queen  
  26  2:18  Zergling x2  
  26  2:22  Drone  
  28  2:24  Metabolic Boost  
  28  2:31  Drone x2  
  28  2:34  Drone  
  31  2:41  Overlord  
  31  2:43  Drone  
  32  3:03  Hatchery  
  31  3:10  Drone  
  32  3:14  Drone x4  
  32  3:17  Overlord  
  36  3:20  Queen  
  38  3:28  Queen  
  38  3:29  Overlord  
  38  3:30  Drone  
  41  3:37  Roach Warren  
  40  3:46  Drone x4  
  44  3:55  Extractor  
  43  4:04  Drone, Overlord  
  43  4:05  Drone x6  
  50  4:21  Roach x4  
  50  4:23  Extractor  
  57  4:32  Spore Crawler  
  57  4:34  Drone x3  
  57  4:35  Drone x3  
  57  4:38  Extractor  
  60  4:42  Evolution Chamber  
  60  4:43  Evolution Chamber, Spore Crawler  
  60  4:45  Roach  
  58  4:47  Overlord  
  58  4:53  Roach  
  58  4:54  Roach  
  62  5:03  Overlord  
  62  5:04  Roach x2  
  66  5:13  Zerg Missile Weapons Level 1  
  66  5:30  Drone x5  
  66  5:31  Drone x7  
  78  5:35  Zerg Ground Armor Level 1  
  78  5:43  Lair  
  78  6:00  Drone x12  
  78  6:03  Spore Crawler  
  89  6:07  Overlord x2  
  89  6:26  Drone x2, Extractor  
  89  6:27  Drone x4, Extractor  
  89  6:29  Drone x2  
  89  6:30  Hatchery, Roach  
  89  6:31  Roach  
  98  7:02  Hydralisk Den, Queen  
  98  7:03  Roach x3  
  98  7:06  Overlord x4  
  98  7:08  Hatchery  
  104  7:17  Zerg Missile Weapons Level 2  
  104  7:19  Glial Reconstitution  
  104  7:27  Queen  
  106  7:30  Infestation Pit, Roach x2  
  106  7:31  Roach x10  
  130  7:37  Drone, Overlord  
  130  7:38  Overlord  
  130  7:42  Zerg Ground Armor Level 2  
  130  7:48  Muscular Augments  
  130  7:52  Overlord x3  
  130  8:04  Roach x2  
  138  8:05  Hydralisk, Roach x2  
  138  8:06  Roach x2  
  138  8:07  Roach  
  138  8:08  Ravager  
  138  8:09  Ravager  
  138  8:10  Ravager x2  
  138  8:11  Ravager x2  
  138  8:12  Ravager  
  153  8:13  Ravager  
  154  8:29  Hive  
  154  8:32  Hydralisk, Roach x2  
  154  8:33  Overlord x2, Roach x2  
  154  8:34  Roach  
  166  8:46  Hydralisk x2, Roach x2  
  166  8:47  Roach x2  
  173  9:04  Roach x2  
  173  9:07  Extractor  
  153  9:10  Hydralisk x3, Roach x2  
  153  9:11  Roach x5  
  158  9:17  Roach x3  
  158  9:22  Roach  
  158  9:23  Roach x2  
  152  9:26  Roach  
  152  9:27  Roach  
  138  9:34  Hydralisk  
  138  9:35  Roach x3  
  138  9:37  Roach  
  134  9:43  Hydralisk  
  134  9:44  Roach x2  
  124  9:47  Queen  
  114  9:55  Hydralisk, Roach  
  114  9:56  Roach x2  
  122  10:01  Roach x2  
  122  10:02  Roach  
  128  10:10  Zerg Missile Weapons Level 3  
  128  10:19  Hydralisk  
  128  10:20  Roach x4  
  136  10:23  Roach  
  134  10:31  Hydralisk, Roach  
  134  10:32  Roach x3  
  136  10:41  Hydralisk, Roach  
  136  10:42  Roach x2  
  144  10:43  Roach  
  144  10:58  Spore Crawler, Hydralisk x2, Roach  
  144  10:59  Roach x3  
  144  11:00  Roach  
  157  11:12  Roach x2  
  157  11:15  Overseer  
  157  11:16  Overseer  
  161  11:37  Hydralisk x2, Roach  
  161  11:38  Roach x3  
  173  11:43  Roach x2  
  177  11:47  Hatchery  
  177  11:50  Hydralisk, Roach  
  177  11:51  Roach  
  174  12:02  Roach  
  174  12:04  Hydralisk, Roach x2  
  174  12:07  Hydralisk, Roach x2  
  178  12:11  Roach x2  
  178  12:14  Roach  
  174  12:24  Hydralisk, Roach x2  
  174  12:25  Roach x2  
  184  12:32  Hydralisk, Roach  
  184  12:33  Roach  
Show
View Real Time Build Order
Export as new Build Order

Grumm Protoss 

Build Orders: 1 Gate Expand 

Get SALT Encoding   

  12  0:02  Probe (Chrono Boost)  
  13  0:12  Probe (Chrono Boost)  
  14  0:23  Probe (Chrono Boost)  
  14  0:24  Pylon  
  16  0:42  Probe (Chrono Boost)  
  16  0:45  Gateway  
  16  0:53  Assimilator, Probe (Chrono Boost)  
  17  1:03  Probe (Chrono Boost)  
  18  1:07  Assimilator  
  18  1:14  Probe (Chrono Boost)  
  19  1:33  Nexus  
  19  1:43  Pylon  
  19  1:51  Cybernetics Core  
  19  1:56  Probe (Chrono Boost)  
  20  2:07  Probe (Chrono Boost)  
  21  2:16  Gateway  
  21  2:19  Zealot  
  23  2:28  Warp Gate (Chrono Boost)  
  24  2:30  Probe  
  24  2:44  Pylon  
  24  2:45  Probe  
  24  2:47  Probe  
  26  2:59  Pylon  
  26  3:04  Probe  
  27  3:09  Adept  
  29  3:12  Mothership Core  
  30  3:23  Stalker  
  32  3:28  Probe  
  33  3:36  Probe  
  34  3:45  Pylon, Probe  
  35  3:58  Robotics Facility  
  35  3:59  Probe  
  35  4:00  Pylon, Probe  
  37  4:09  Probe  
  37  4:11  Assimilator  
  37  4:12  Probe  
  39  4:20  Probe  
  40  4:24  Probe  
  40  4:28  Stalker  
  40  4:30  Probe, Adept  
  45  4:36  Probe  
  47  4:42  Probe  
  48  4:50  Probe  
  48  4:51  Assimilator  
  49  4:54  Forge  
  49  4:56  Immortal (Chrono Boost)  
  51  5:28  Stalker x2  
  49  5:32  Probe x2  
  55  5:35  Immortal (Chrono Boost)  
  55  5:38  Protoss Ground Weapons Level 1 (Chrono Boost)  
  55  5:40  Photon Cannon  
  53  5:43  Photon Cannon  
  53  5:50  Gateway  
  53  5:51  Pylon  
  53  5:54  Probe  
  53  5:55  Probe  
  55  5:59  Photon Cannon  
  55  6:05  Stalker x2  
  55  6:06  Pylon  
  55  6:07  Probe  
  60  6:13  Probe  
  61  6:19  Probe  
  61  6:20  Gateway  
  61  6:25  Probe  
  63  6:28  Immortal (Chrono Boost)  
  63  6:29  Sentry  
  63  6:30  Sentry  
  63  6:31  Probe  
  72  6:44  Probe  
  73  6:47  Forge  
  73  6:51  Stargate  
  73  6:52  Pylon  
  73  6:53  Probe  
  74  6:56  Probe, Stalker x2  
  74  7:00  Stalker  
  81  7:14  Immortal (Chrono Boost)  
  85  7:17  Protoss Shields Level 1  
  85  7:26  Twilight Council, Protoss Ground Armor Level 1  
  85  7:55  Stalker, Nexus  
  85  7:56  Adept  
  85  7:57  Pylon, Adept x2  
  93  8:11  Blink, Photon Cannon  
  93  8:13  Oracle  
  93  8:14  Photon Cannon  
  96  8:23  Photon Cannon  
  96  8:28  Pylon  
  96  8:34  Stalker x2  
  96  8:35  Stalker x2  
  104  8:41  Robotics Bay  
  104  8:45  Pylon  
  104  8:51  Warp Prism (Chrono Boost)  
  81  9:38  Immortal (Chrono Boost)  
  61  9:53  Stalker x2  
  61  9:54  Stalker x2  
  61  9:57  Void Ray  
  69  10:03  Extended Thermal Lance  
  69  10:16  Robotics Facility  
  64  10:36  Stalker x3  
  64  10:37  Stalker  
  68  10:57  Colossus (Chrono Boost)  
  68  11:02  Colossus (Chrono Boost)  
  80  11:06  Void Ray  
  80  11:08  Stalker x2  
  80  11:09  Stalker x2  
  92  11:28  Nexus  
  92  11:31  Pylon  
  92  11:39  Pylon  
  92  11:45  Colossus (Chrono Boost)  
  98  11:50  Colossus (Chrono Boost)  
  86  12:10  Stalker x2  
  86  12:12  Stalker x2  
  48  12:40  Stalker  
  48  12:42  Stalker x2  
  48  12:43  Stalker  
Tags
 
Add a new tag
Caveats
  • Supply blocks, unpowered buildings, or Contaminate may cause inaccurate times.
  • Supply counts are checked every 10 seconds.